 Dungeon Crawl Stone Soup version 0.28-a0-563-gf77a47075d (webtiles) character file.

Game seed: 2743912923796699020

417 Spaninq the Skirmisher (level 6, -10/53 HPs)
             Began as a Ghoul Abyssal Knight on Sept 30, 2021.
             Was a Priest of Lugonu.
             Mangled by a black bear (11 damage)
             ... on level 4 of the Dungeon.
             The game lasted 00:09:28 (3699 turns).

Spaninq the Skirmisher (Ghoul Abyssal Knight)       Turns: 3699, Time: 00:09:29

Health: -10/53     AC: 13    Str: 18    XL:     6   Next: 93%
Magic:  7/7        EV:  5    Int:  5    God:    Lugonu [***...]
Gold:   141        SH:  0    Dex: 10    Spells: 5/5 levels left

rFire   . . .      SeeInvis .   f - +2 dagger (venom)
rCold   + . .      Faith    .   (no shield)
rNeg    + + +      Spirit   .   l - +0 plate armour
rPois   ∞          Reflect  .   (no helmet)
rElec   .          Harm     .   p - +1 cloak {Stlth+}
rCorr   .          Rampage  .   (no gloves)
Will    .....                   (no boots)
Stlth   ..........              (no amulet)
HPRegen 0.00/turn               (no ring)
MPRegen 0.10/turn               (no ring)

@: inhibited regen
A: claws 1, cold resistance 1, negative energy resistance 3, inhibited
regeneration, torment resistance 2
a: Renounce Religion, Depart the Abyss, Bend Space, Banish


You were on level 4 of the Dungeon.
You worshipped Lugonu.
Lugonu was most pleased with you.
You visited 1 branch of the dungeon, and saw 4 of its levels.
You visited the Abyss 1 time.

You collected 141 gold pieces.

Inventory:

Hand Weapons
 a - a +1 hand axe
 f - a +2 dagger of venom (weapon)
Missiles
 c - 4 boomerangs
Armour
 l - a +0 plate armour (worn)
 p - a +1 cloak of stealth (worn)
Wands
 o - a wand of polymorph (1)
 v - a wand of mindburst (10)
Scrolls
 d - a scroll of enchant weapon {unknown}
 e - a scroll of fog {unknown}
 h - 4 scrolls of identify {unknown}
 i - 4 scrolls of magic mapping {unknown}
 q - a scroll of silence {unknown}
 r - a scroll of holy word {unknown}
 s - a scroll of amnesia {unknown}
Potions
 b - a potion of degeneration {unknown}
 g - a potion of lignification {unknown}
 j - 2 potions of flight {unknown}
 k - a potion of berserk rage {unknown}
 m - a potion of brilliance {unknown}
 n - a potion of might {unknown}
 t - a potion of mutation {unknown}
 u - a potion of curing {unknown}


   Skills:
 + Level 4.7 Fighting
 * Level 4.3 Axes
 + Level 3.2 Armour
 - Level 0.8 Dodging
 + Level 3.8 Invocations


You had 5 spell levels left.
You didn't know any spells.
Your spell library contained the following spells:

 Spells                   Type           Power      Damage    Failure   Level
 Conjure Flame            Conj/Fire      0%         6-21      100%        3
 Ignite Poison            Fire/Tmut/Pois 0%         N/A       100%        3
 Inner Flame              Hex/Fire       0%         N/A       100%        3
 Cause Fear               Hex            0%         N/A       100%        4
 Sticky Flame             Conj/Fire      0%         2d3       100%        4
 Discord                  Hex            0%         N/A       100%        8


Dungeon Overview and Level Annotations

Branches:
Dungeon (4/15)
 Temple: D:4-7

Altars:
Cheibriados
Kikubaaqudgha
Qazlal

Annotations:
D:3 1 runed translucent door, bande's ghost, amateur GrFi


Innate Abilities, Weirdness & Mutations

You thrive by killing the living.
You are immune to poison.
You have sharp fingernails.
Your flesh is cold resistant. (rC+)
You are immune to negative energy. (rN+++)
You do not regenerate when monsters are visible.
You are immune to unholy pain and torment.


Message History

The black bear bites you but does no damage.
The black bear closely misses you. The black bear claws you.
You hit the black bear.
The black bear looks as sick as possible!
The black bear is heavily wounded.
The black bear barely misses you.
The black bear claws you but does no damage.
The black bear claws you.
You hit the black bear.
The black bear looks as sick as possible!
The black bear is heavily wounded.
The black bear bites you but does no damage.
The black bear claws you but does no damage. x2
Your plate armour prevents you from hitting the black bear.
The black bear is severely wounded.
The black bear bites you.
The black bear claws you but does no damage. x2
The black bear goes berserk!
You hit the black bear but do no damage.
The black bear is almost dead.
The black bear bites you but does no damage.
The black bear barely misses you. x2
Your plate armour prevents you from hitting the black bear.
The black bear is almost dead.
The black bear bites you!
* * * LOW HITPOINT WARNING * * *
The black bear claws you but does no damage. x2
The black bear bites you.
* * * LOW HITPOINT WARNING * * *
The black bear claws you.
* * * LOW HITPOINT WARNING * * *
The black bear claws you but does no damage.
You hit the black bear but do no damage.
The black bear looks as sick as possible!
The black bear is almost dead.
The black bear bites you but does no damage.
The black bear completely misses you.
The black bear claws you but does no damage.
The black bear bites you!
You die...

....#########...# #......#
.....## ###....# #......#
..##..####......##### #....[.#
#.###...#..##...#...# #..?...#
#..####...###.###...####.....#
##.#####.....................#
#...........#.###..)..########
#..######.#...###....## .....#
#.##...h@....# .###.##
..##...####### # #..#
.###....## ###.######..#..#
#≈....#.....##.##
###.....#..#.###..#######...
#...._..............|.......
#.#.....##.#.####...#####...
#.#☼...☼##...# ###.##


You could see a black bear (berserk, extremely poisoned).

Vanquished Creatures
  A black bear (D:2)
  A scorpion (D:4)
  An orc priest (D:3)
  Crazy Yiuf (D:2)
  Jessica (D:2)
  2 iguanas
  A howler monkey zombie (D:4)
  4 adders
  4 dart slugs
  5 orcs (D:3)
  4 endoplasms
  3 giant cockroaches
  9 goblins
  5 hobgoblins
  2 jackals (D:2)
  4 quokkas
  6 ball pythons
  10 bats
  6 kobolds
  7 rats
77 creatures vanquished.

Notes
Turn   | Place    | Note
-------+----------+-------------------------------------------
     0 | Abyss:1  | Spaninq the Ghoul Abyssal Knight began the quest for the
                  | Orb.
     0 | Abyss:1  | Reached XP level 1. HP: 19/19 MP: 1/1
    32 | D:1      | Escaped the Abyss
   285 | D:1      | Reached XP level 2. HP: 25/26 MP: 2/2
  1140 | D:2      | Reached XP level 3. HP: 31/31 MP: 3/3
  1149 | D:2      | Reached ** piety under Lugonu
  1295 | D:2      | Found an ancient bone altar of Kikubaaqudgha.
  1394 | D:2      | Noticed Jessica
  1399 | D:2      | Killed Jessica
  1400 | D:2      | Reached XP level 4. HP: 40/40 MP: 4/4
  1473 | D:2      | Found a runed translucent door.
  1474 | D:2      | Noticed Crazy Yiuf
  1673 | D:2      | Noticed Sigmund
  2211 | D:2      | Noticed Sigmund
  2211 | D:2      | Sigmund changed into Sigmund the iguana
  2222 | D:2      | Killed Sigmund the iguana
  2313 | D:2      | Noticed a black bear
  2323 | D:2      | Killed a black bear
  2324 | D:2      | Reached XP level 5. HP: 35/46 MP: 6/6
  2542 | D:2      | Killed Crazy Yiuf
  2543 | D:2      | Reached XP level 6. HP: 26/53 MP: 7/7
  2956 | D:3      | Found a faded altar of an unknown god.
  3148 | D:3      | Found a snail-covered altar of Cheibriados.
  3250 | D:3      | Found a runed translucent door.
  3252 | D:3      | Noticed bande's ghost (amateur GrFi)
  3429 | D:4      | Reached *** piety under Lugonu
  3502 | D:4      | Found a stormy altar of Qazlal.
  3661 | D:4      | Noticed a black bear
  3697 | D:4      | HP: 1/53 [black bear (5)]
  3699 | D:4      | Mangled by a black bear

Illustrated notes

Levels and vault maps discovered:
D:1:      sevenhm_arrival_forest_fort_small_4, layout_basic, st_stairs_5
D:2:      layout_loops_corners, basic_altar, kennysheep_crisscross,
          uniq_sigmund, uniq_jessica, uniq_crazy_yiuf_cottage
D:3:      layout_rooms, kennysheep_slug_shrine, ebering_ghost_reflecting_pool,
          hellmonk_ecumenical_altar_blasted, minmay_misc_feat_nine_boxes
D:4:      layout_rooms, grunt_qazlal_clouds, grunt_decor_clamped

Skill      XL: |  1  2  3  4  5  6 |
---------------+-------------------+-----
Axes           | 2 3 4 |  4.3
Armour         | 2 3 |  3.2
Fighting       | 4 |  4.7
Invocations    | 3 |  3.8
Dodging        | |  0.8

Action                   |  1- 3 |  4- 6 || total
-------------------------+-------+-------++-------
Melee: Dagger            |    61 |   173 ||   234
       Hand axe          |     6 |       ||     6
Evoke: Wand              |       |     1 ||     1
Armor: Leather armour    |    24 |       ||    24
       Plate armour      |     4 |   144 ||   148
Dodge: Dodged            |    34 |    61 ||    95

Table legend: (Time is in decaauts)
 A = Elapsed time spent in this place.
 B = Non-inter-level travel time spent in this place.
 C = Inter-level travel time spent in this place.
 D = Time resting spent in this place.
 E = Time spent auto-exploring this place.
 F = Levels seen in this place.
 G = Mean time per level.
                   A        B        C        D        E       F      G
               +--------+--------+--------+--------+--------+-----+--------+
         Total |   3703 |   3609 |     94 |    300 |   2603 |   5 |  740.6 |
       Dungeon |   3671 |   3577 |     94 |    300 |   2603 |   4 |  917.8 |
         Abyss |     32 |     32 |      0 |      0 |      0 |   1 |   32.0 |
               +--------+--------+--------+--------+--------+-----+--------+

Top non-repeatable levels by time:
     D:2: 1711 daAuts
     D:1: 1019 daAuts
     D:3: 637 daAuts
     D:4: 302 daAuts
 Abyss:1: 32 daAuts
